 Dungeon Crawl Stone Soup version 0.25-a0-36-g303dd5b1f4 (webtiles) character file.

Game seed: 1118398197740943838, levelgen mode: deterministic

2217135 Mort the Middleweight Champion (level 27, 269/269 (271) HPs)
             Began as a Ghoul Gladiator on Oct 20, 2019.
             Was the Champion of Qazlal.
             Escaped with the Orb
             ... and 4 runes!
             The game lasted 04:10:55 (79451 turns).

Mort the Middleweight Champion (Ghoul Gladiator)   Turns: 79451, Time: 04:10:56

HP:   269/269 (271) AC: 48    Str: 26      XL:     27
MP:   36/36         EV:  8    Int: 13      God:    Qazlal [******]
Gold: 6112          SH: 34    Dex: 19 (20) Spells: 26/26 levels left

rFire    + + +     SeeInvis +     - Unarmed
rCold    + + +     Gourm    .   W - +0 large shield
rNeg     + + +     Faith    .   r - +9 crystal plate armour
rPois    ∞         Spirit   .   o - +3 helmet of Devotion {*Drain rF+ Dex+8 Slay+2}
rElec    +         Reflect  .   C - +2 cloak of the Monkey's Uncle {rF++ Int+5 Dex-2}
rCorr    +         Harm     .   Y - +2 pair of gloves
MR       +++..                  R - +2 pair of boots {Fly}
Stlth    ..........             I - amulet of Seocwe Vymae {+Rage +Fly MR+ SInv}
HPRegen  0.54/turn              M - ring of the Firefly {rElec AC+4 Dex+4}
MPRegen  0.25/turn              U - ring of Youthful Indiscretion {rC++ rCorr}

@: rotting, repel missiles
A: rotting body, claws 1, carnivore, cold resistance 1, negative energy
resistance 3, inhibited regeneration, torment resistance, unbreathing
0: Orb of Zot
}: 4/15 runes: decaying, serpentine, slimy, silver
a: Upheaval, Elemental Force, Disaster Area, Renounce Religion, Evoke Flight


You escaped.
You worshipped Qazlal.
Qazlal was exalted by your worship.
You were not hungry.

You visited 10 branches of the dungeon, and saw 54 of its levels.
You visited the Abyss 2 times.
You also visited: Ice Cave.

You collected 7752 gold pieces.
You spent 1640 gold pieces at shops.

Inventory:

Missiles
 A - 5 datura-tipped darts (quivered)
 G - 3 throwing nets
Armour
 o - the +3 helmet of Devotion (worn) {*Drain rF+ Dex+8 Slay+2}
   (You acquired it on level 4 of the Vaults)

   It affects your dexterity (+8).
   It affects your accuracy and damage with ranged weapons and melee attacks
   (+2).
   It protects you from fire.
   It causes draining when unequipped.
 r - a +9 crystal plate armour (worn)
 C - the +2 cloak of the Monkey's Uncle (worn) {rF++ Int+5 Dex-2}
   (You found it on level 1 of the Depths)

   It affects your intelligence (+5).
   It affects your dexterity (-2).
   It greatly protects you from fire.
 R - a +2 pair of boots of flying (worn)
 W - a +0 large shield (worn)
 Y - a +2 pair of gloves (worn)
Jewellery
 b - a +2 ring of dexterity {unknown}
 c - a +5 amulet of reflection
 e - an uncursed ring of protection from magic
 n - the ring "Guginant" {Fire MR+}
   (You took it off a necromancer on level 1 of the Depths)

   [ring of fire]

   It enhances your fire magic.
   It protects you from fire.
   It makes you vulnerable to cold.
   It affects your resistance to hostile enchantments.
 I - the amulet of Seocwe Vymae (around neck) {+Rage +Fly MR+ SInv}
   (You bought it in a shop on level 1 of the Elven Halls)

   [amulet of rage]

   It affects your resistance to hostile enchantments.
   It lets you see invisible.
   It lets you fly.
   It lets you go berserk.
 M - the ring of the Firefly (left hand) {rElec AC+4 Dex+4}
   (You found it on level 1 of the Depths)

   [ring of protection]

   It affects your AC (+4).
   It affects your dexterity (+4).
   It insulates you from electricity.
 U - the ring of Youthful Indiscretion (right hand) {rC++ rCorr}
   (You took it off a spriggan berserker on level 4 of the Depths)

   [ring of resist corrosion]

   It greatly protects you from cold.
   It provides partial protection from all sources of acid and corrosion.
Wands
 k - a wand of acid (2)
 B - a wand of digging (3)
 H - a wand of iceblast (48)
 Q - a wand of scattershot (6)
Scrolls
 f - 10 scrolls of identify
 h - 11 scrolls of enchant weapon
 i - 7 scrolls of fear
 l - 2 scrolls of torment
 p - 8 scrolls of teleportation
 s - 31 scrolls of remove curse
 t - 2 scrolls of silence
 y - 8 scrolls of noise
 D - 10 scrolls of fog
 E - 2 scrolls of blinking
 L - 3 scrolls of magic mapping
 O - 2 scrolls of immolation
 V - 2 scrolls of holy word
 X - 5 scrolls of amnesia
Potions
 g - 9 potions of flight
 m - 15 potions of degeneration
 q - 8 potions of brilliance
 v - 8 potions of haste
 w - 9 potions of curing
 x - 5 potions of agility
 z - 6 potions of invisibility
 F - 5 potions of cancellation
 J - a potion of ambrosia
 P - a potion of resistance
 S - 2 potions of heal wounds
 T - 3 potions of might
 Z - 7 potions of magic
Miscellaneous
 a - a fan of gales
 u - a lamp of fire
 K - 5 phantom mirrors
 N - a phial of floods
Comestibles
 d - 72 rations


   Skills:
 + Level 26.6 Fighting
 - Level 1.7 Throwing
 - Level 10.0 Armour
 - Level 5.4 Dodging
 - Level 25.0 Shields
 O Level 27 Unarmed Combat
 - Level 20.0 Invocations


You had 26 spell levels left.
You didn't know any spells.
Your spell library contained the following spells:

 Spells                   Type           Power        Failure   Level  Hunger
 Animate Skeleton         Necr           N/A          100%        1    ##.....
 Apportation              Tloc           #.....       100%        1    ##.....
 Confusing Touch          Hex            #.....       100%        1    ##.....
 Corona                   Hex            #......      100%        1    ##.....
 Flame Tongue             Conj/Fire      #....        100%        1    ##.....
 Freeze                   Ice            #...         100%        1    ##.....
 Infusion                 Chrm           #...         100%        1    ##.....
 Magic Dart               Conj           #...         100%        1    ##.....
 Sandblast                Erth           #.....       100%        1    ##.....
 Summon Butterflies       Summ           #.......     100%        1    ##.....
 Summon Small Mammal      Summ           #...         100%        1    ##.....
 Blink                    Tloc           N/A          100%        2    ###....
 Call Imp                 Summ           #.......     100%        2    ###....
 Ensorcelled Hibernation  Hex/Ice        #.....       100%        2    ###....
 Passwall                 Tmut/Erth      #.......     100%        2    ###....
 Searing Ray              Conj           #.....       100%        2    ###....
 Shroud of Golubria       Chrm/Tloc      #.....       100%        2    ###....
 Slow                     Hex            #.......     100%        2    ###....
 Song of Slaying          Chrm           #.......     100%        2    ###....
 Swiftness                Chrm/Air       #.......     100%        2    ###....
 Throw Flame              Conj/Fire      #.....       100%        2    ###....
 Throw Frost              Conj/Ice       #.....       100%        2    ###....
 Call Canine Familiar     Summ           #.......     100%        3    ####...
 Confuse                  Hex            #.......     100%        3    ####...
 Conjure Flame            Conj/Fire      #.......     100%        3    ####...
 Dazzling Spray           Conj/Hex       #.....       100%        3    ####...
 Inner Flame              Hex/Fire       #.......     100%        3    ####...
 Lesser Beckoning         Tloc           #.........   100%        3    ####...
 Mephitic Cloud           Conj/Pois/Air  #.......     100%        3    ####...
 Ozocubu's Armour         Chrm/Ice       #.......     100%        3    ####...
 Recall                   Summ/Tloc      N/A          100%        3    ####...
 Regeneration             Chrm/Necr      #.........   100%        3    ####...
 Spectral Weapon          Hex/Chrm       #.......     100%        3    ####...
 Static Discharge         Conj/Air       #.......     100%        3    ####...
 Stone Arrow              Conj/Erth      #.....       100%        3    ####...
 Tukima's Dance           Hex            #.......     100%        3    ####...
 Animate Dead             Necr           N/A          100%        4    #####..
 Cause Fear               Hex            #.........   100%        4    #####..
 Force Lance              Conj/Tloc      #.......     100%        4    #####..
 Fulminant Prism          Conj/Hex       #.........   100%        4    #####..
 Iskenderun's Mystic Bla  Conj           #.......     100%        4    #####..
 Olgreb's Toxic Radiance  Pois           #.......     100%        4    #####..
 Petrify                  Tmut/Erth      #.......     100%        4    #####..
 Sticky Flame             Conj/Fire      #.......     100%        4    #####..
 Summon Ice Beast         Ice/Summ       #.......     100%        4    #####..
 Summon Lightning Spire   Summ/Air       #.......     100%        4    #####..
 Throw Icicle             Conj/Ice       #.......     100%        4    #####..
 Agony                    Necr           #.......     100%        5    ######.
 Alistair's Intoxication  Tmut/Pois      #.......     100%        5    ######.
 Aura of Abjuration       Summ           #.........   100%        5    ######.
 Borgnjor's Vile Clutch   Necr/Erth      #.........   100%        5    ######.
 Fireball                 Conj/Fire      #.........   100%        5    ######.
 Lee's Rapid Deconstruct  Erth           #.........   100%        5    ######.
 Lightning Bolt           Conj/Air       #.........   100%        5    ######.
 Metabolic Englaciation   Hex/Ice        #.........   100%        5    ######.
 Silence                  Hex/Air        #.........   100%        5    ######.
 Summon Demon             Summ           #.........   100%        5    ######.
 Summon Forest            Summ/Tloc      #.........   100%        5    ######.
 Summon Mana Viper        Hex/Summ       #.......     100%        5    ######.
 Yara's Violent Unravell  Hex/Tmut       #.........   100%        5    ######.
 Bolt of Cold             Conj/Ice       #.........   100%        6    #######
 Bolt of Fire             Conj/Fire      #.........   100%        6    #######
 Conjure Ball Lightning   Conj/Air       #.........   100%        6    #######
 Darkness                 Hex            #.........   100%        6    #######
 Death Channel            Necr           #.........   100%        6    #######
 Deflect Missiles         Chrm/Air       #.........   100%        6    #######
 Freezing Cloud           Conj/Ice/Air   #.........   100%        6    #######
 Invisibility             Hex            #.......     100%        6    #######
 Iron Shot                Conj/Erth      #.........   100%        6    #######
 Ozocubu's Refrigeration  Ice            #.........   100%        6    #######
 Shadow Creatures         Summ           N/A          100%        6    #######
 Simulacrum               Ice/Necr       #.........   100%        6    #######
 Malign Gateway           Summ/Tloc      #.........   100%        7    #######
 Discord                  Hex            #.........   100%        8    #######
 Ignition                 Fire           #.........   100%        8    #######
 Dragon's Call            Summ           #.........   100%        9    #######
 Shatter                  Erth           #.........   100%        9    #######
 Tornado                  Air            #.........   100%        9    #######
 Ice Form                 Ice/Tmut       Unusable     N/A         4    N/A
 Passage of Golubria      Tloc           Unusable     N/A         4    N/A
 Dragon Form              Tmut           Unusable     N/A         7    N/A

Dungeon Overview and Level Annotations

Branches:
Dungeon (15/15)            Temple (0/1) D:7            Lair (6/6) D:10
  Swamp (4/4) Lair:2        Snake (4/4) Lair:2        Slime (5/5) Lair:6
    Orc (2/2) D:12            Elf (3/3) Orc:2        Vaults (5/5) D:13
  Crypt (0/3) Vaults:2     Depths (5/5) D:15            Zot (5/5) Depths:5
  IceCv (visited)

Altars:
Ashenzari
Fedhas
Gozag
Kikubaaqudgha
Makhleb
Qazlal
Ru
Sif Muna
Trog
Uskayaw
Vehumet
Xom
Yredelemnul
Zin
The Shining One

Shops:
D:6 (   D:10 [   Orc:2 (:*([   Elf:1 =[*[   Elf:3 [   Snake:3 }=}

Portals:
Hell: Lair:6 Depths:1 Depths:2 Depths:3 Depths:4 Depths:5
Abyss: Depths:4
Pandemonium: Depths:1 Depths:3 Depths:5
Ziggurat: Depths:4

Annotations:
Slime:5 4 exclusions
Zot:5 1 exclusion


Innate Abilities, Weirdness & Mutations

Your body is rotting away.
You thrive on raw meat.
You are immune to poison.
You have sharp fingernails.
You are carnivorous and can eat meat at any time.
Your flesh is cold resistant. (rC+)
You are immune to negative energy. (rN+++)
You do not regenerate when monsters are visible.
You are immune to unholy pain and torment.
You can survive without breathing.


Message History

(V) Vaults (C) Crypt (U) Depths (H) Hell (Z) Zot
Where to? (Enter - D:1, ? - help)
There is a stone staircase leading up here.
You climb upwards.
There is a stone staircase leading down here.
You feel your flesh rotting away.
There is a stone staircase leading up here.
You climb upwards.
There is a stone staircase leading down here.
A bat comes into view.
A red devil comes into view. It is wielding a +0 trident.
You block the bat's attack.
You punch the bat!
You kill the bat!
Qazlal accepts your kill.
You see here a bat corpse.
The red devil hits you but does no damage.
There is a staircase leading out of the dungeon here.
You have escaped!

.# ####.#...######.#.# .#
#...............#.# .####
#..#######.######†# ....#
#..#######.# #.# .##.#
##.........# #.#### .##.#
#.######### #...^# .##.#
#.#....4.# ########.# .##.#
#4#.####.# #......#.## .##.#
#.#.#.@#.# #.#.......# .##.#
#.#....#.# #.#.......## .##.#
#.######4###.#........# .##.#
##...4....#............#
....######..######...#.....).....
............######..##.#.........
.>..#####...........##....[......
....# #.#####........##..#..##.
##### #.# ##...###.###...####


There were no monsters in sight!

Vanquished Creatures
  Dissolution (Slime:5)
  the Royal Jelly (Slime:5)
  Mara (Depths:1)
  The ghost of Kejih the Sniper, a legendary NaHu of Okawaru (Zot:3)
  5 ancient liches
  5 orbs of fire
  The ghost of Bouryr the Conqueror, a master MiFi of Okawaru (Zot:1)
  5 Killer Klowns
  5 curse toes
  4 caustic shrikes
  9 golden dragons
  The ghost of Vuokuqos the Warrior, a veteran DsFi of Okawaru (Depths:5)
  the Enchantress (Depths:1)
  Jory (Depths:3)
  2 electric golems (Zot:5)
  3 liches
  12 tentacled monstrosities
  24 Orb Guardians (Zot:5)
  4 deep elf blademasters
  24 acid blobs
  A deep elf master archer (Elf:2)
  8 quicksilver dragons
  4 titans (Vaults:5)
  Gastronok (Lair:2)
  5 tentacled starspawn
  12 death cobs
  An Executioner (Abyss:5)
  8 sphinxes
  The ghost of Diluadd the Markscentaur, an adept CeBe of Trog (Swamp:1)
  7 shadow dragons
  15 storm dragons
  7 draconian monks
  8 tengu reavers
  11 azure jellies
  10 nagarajas
  6 vault wardens
  2 orc warlords (Orc:1)
  A balrug (Depths:5)
  4 draconian knights
  13 fire giants
  2 ghost moths
  10 deep elf sorcerers
  The ghost of MirrMurr the Spear-Bearer, a journeyman DsFi of Okawaru (D:15)
  Louise (Elf:3)
  3 draconian scorchers
  3 iron dragons
  A curse skull (Depths:2)
  3 draconian stormcallers
  6 frost giants
  A cacodemon (Zot:3)
  3 deep elf elementalists (Elf:3)
  6 draconian annihilators
  An angel (Depths:4)
  26 stone giants
  9 ironheart preservers
  3 caustic shrike skeletons (Depths:2)
  A reaper (Depths:3)
  7 very ugly things
  3 spriggan defenders (Depths:1)
  3 juggernaut skeletons (Depths:2)
  The ghost of Niezos the Carver, a journeyman HOFi of Okawaru (Elf:2)
  2 entropy weavers
  12 green draconians
  A war gargoyle (Vaults:5)
  7 deep elf demonologists
  2 dire elephants
  7 vampire knights
  A lorocyproca (Depths:1)
  10 red draconians
  8 purple draconians
  11 black draconians
  8 deep elf annihilators
  9 white draconians
  17 spark wasps
  10 yellow draconians
  A crystal guardian (Vaults:2)
  A green death (Depths:2)
  A quicksilver dragon zombie (Abyss:5)
  11 death oozes
  11 ettins
  A blizzard demon (Abyss:5)
  An eidolon (Abyss:5)
  9 deep elf death magi
  5 jiangshi (Depths:3)
  17 fire dragons
  2 merfolk impalers
  6 deep elf high priests
  Erolcha (D:9)
  21 yaktaur captains
  An ice dragon (shapeshifter) (Vaults:5)
  14 naga warriors
  13 ice dragons
  A monstrous demonspawn (Depths:1)
  10 rakshasas
  16 great orbs of eyes
  28 vault guards
  9 centaur warriors
  An anaconda (shapeshifter) (Vaults:5)
  16 anacondas
  20 hydras
  4 ghost crabs
  3 spriggan air magi
  2 shambling mangroves
  10 alligators
  36 two-headed ogres
  2 satyrs (shapeshifter)
  5 deep troll shamans
  5 death yaks
  26 dancing weapons
  7 deep troll earth magi
  13 ogre magi
  5 orc high priests
  3 vampire magi (Depths:3)
  7 shock serpents
  A soul eater (Abyss:3)
  3 spriggan berserkers
  6 thrashing horrors
  6 tengu warriors
  Nergalle (Lair:1)
  8 naga sharpshooters
  4 sun demons
  19 deep elf knights
  2 iron trolls (Depths:3)
  17 skeletal warriors
  A sixfirhy (Abyss:1)
  13 hell knights
  A sea snake (Snake:1)
  A shadow wraith (Vaults:1)
  15 deep trolls
  A sea snake (shapeshifter) (Depths:5)
  5 salamander mystics
  A torturous demonspawn (Depths:1)
  2 unseen horrors
  2 wretched stars (Abyss:4)
  Pikel (D:9)
  6 flayed ghosts
  17 large abominations
  2 spriggan druids (Swamp:3)
  3 glowing orange brains
  5 wizards
  11 phantasmal warriors
  A gelid demonspawn (Zot:5)
  4 lindwurms (Snake:4)
  A tengu zombie (Vaults:5)
  2 swamp dragons (Swamp:2)
  An orange crystal statue (Depths:1)
  18 ironbrand convokers
  10 naga ritualists
  16 orc knights
  11 harpies
  An obsidian statue (Zot:5)
  A harpy (shapeshifter) (D:14)
  7 orc sorcerers
  13 necromancers
  48 deep elf magi
  2 wolf spider zombies
  20 mana vipers
  A wolf spider (D:15)
  5 shining eyes
  16 deep elf archers
  4 frost giant zombies
  3 manticores
  27 ugly things
  12 salamanders
  5 fire giant zombies
  21 moths of wrath
  6 cyclopes
  A stone giant skeleton (Depths:2)
  A moth of wrath (shapeshifter) (Vaults:3)
  2 sphinx skeletons (Depths:2)
  An iron dragon skeleton (Depths:2)
  Maurice (Orc:1)
  9 guardian serpents
  13 elephants
  An eye of devastation (Slime:4)
  3 frost giant skeletons (Depths:2)
  25 black mambas
  A black mamba (shapeshifter) (Depths:2)
  3 ice statues (IceCv)
  28 naga magi
  11 vault sentinels
  2 guardian serpents (shapeshifter)
  3 centaur skeletons
  A torpor snail (Lair:6)
  18 spiny frogs
  3 fire giant skeletons (Depths:2)
  5 rime drakes
  2 gargoyles (Abyss:3)
  4 smoke demons
  A spiny frog (shapeshifter) (Vaults:4)
  7 orange demons
  A komodo dragon (shapeshifter) (Vaults:2)
  14 komodo dragons
  3 tengu conjurers
  An efreet (D:13)
  49 yaktaurs
  12 freezing wraiths
  13 ice devils
  A queen bee (shapeshifter) (Depths:3)
  4 red devils
  2 ancient zymes
  An elf skeleton (Depths:2)
  3 hellwings
  14 trolls
  4 tyrant leeches
  A meliai (shapeshifter) (Depths:5)
  14 hornets
  7 dream sheep
  A hippogriff (shapeshifter) (Depths:1)
  A raiju (shapeshifter) (Vaults:1)
  89 slime creatures
  12 blink frogs
  10 bog bodies
  9 hippogriffs
  A stone giant simulacrum (Depths:2)
  A blink frog (shapeshifter) (Abyss:1)
  A fire giant simulacrum (Depths:2)
  A dream sheep (shapeshifter) (Vaults:5)
  5 raiju
  A redback (shapeshifter) (Depths:4)
  8 spriggan skeletons (Depths:2)
  An ice dragon skeleton (Abyss:1)
  2 tarantellas (Vaults:2)
  5 air elementals
  19 flying skulls
  A vampire (D:9)
  7 water elementals
  2 redbacks (Vaults:2)
  A shapeshifter (Vaults:4)
  A wyvern (shapeshifter) (Vaults:3)
  A ynoxinul (Depths:3)
  7 spriggans
  A wraith (D:7)
  A wyvern (D:10)
  3 shadows
  A human (D:9)
  6 basilisks
  67 yaks
  Grum (D:10)
  5 golden eyes
  4 chaos spawn
  28 vampire mosquitoes
  A basilisk (shapeshifter) (Vaults:3)
  A yaktaur simulacrum (Vaults:5)
  3 swamp worm simulacra (Swamp:4)
  2 neqoxecs (Abyss:5)
  10 wargs
  3 acid dragons
  48 nagas
  14 swamp worms
  11 insubstantial wisps (Swamp:2)
  2 soldier ants
  A swamp worm (shapeshifter) (Vaults:5)
  12 hydra simulacra (Swamp:4)
  11 water moccasins
  2 floating eyes
  12 porcupines
  16 hell hounds
  3 ice beasts
  A human skeleton (Depths:2)
  A tengu skeleton (Depths:2)
  An ice beast (shapeshifter) (Depths:1)
  7 swamp drakes
  47 orc warriors
  5 phantoms
  A black bear (D:13)
  2 black bears (shapeshifter)
  3 eyes of draining
  An eye of draining (shapeshifter) (Vaults:4)
  5 sky beasts
  3 slaves (D:9)
  17 wolves
  An ogre (shapeshifter) (Vaults:4)
  A tengu (shapeshifter) (Vaults:4)
  29 ogres
  3 boggarts (Depths:1)
  8 centaurs
  15 crocodiles
  3 big kobolds
  A crocodile (shapeshifter) (Vaults:5)
  5 earth elementals
  15 bullfrogs
  3 gnoll sergeants (D:5)
  2 glowing shapeshifter simulacra
  A water moccasin zombie (D:7)
  7 scorpions
  A wyvern skeleton (D:10)
  A water moccasin skeleton (D:12)
  6 wights
  10 killer bees
  A spectral wolf (Depths:3)
  A howler monkey (shapeshifter) (Vaults:5)
  6 electric eels
  11 crimson imps
  A draconian simulacrum (IceCv)
  2 centaur zombies
  7 jellies
  8 quasits
  28 orc wizards
  2 bullfrog skeletons
  8 hounds
  14 small abominations
  6 iron imps
  18 orc priests
  A gnoll shaman (D:9)
  10 iguanas
  6 hell rats (Lair:1)
  6 worker ants
  3 spriggan simulacra (IceCv)
  3 troll simulacra (IceCv)
  A killer bee zombie (D:6)
  2 centaur simulacra (IceCv)
  A hound zombie (D:6)
  A hound skeleton (D:7)
  A howler monkey skeleton (D:7)
  A howler monkey zombie (D:8)
  2 worker ant zombies
  11 gnolls
  14 adders
  A naga simulacrum (IceCv)
  16 river rats (Lair:1)
  6 shadow imps
  3 white imps
  4 ufetubi
  3 oozes
  5 swamp drake simulacra (Swamp:4)
  An adder skeleton (D:6)
  4 adder zombies
  2 worms (D:2)
  4 dart slugs
  7 leopard geckos
  105 orcs
  5 giant cockroaches
  7 goblins
  8 hobgoblins
  9 jackals
  16 kobolds
  13 quokkas
  2 ball pythons
  12 bats
  6 frilled lizards
  2 quokka zombies
  16 rats
  5 crawling corpses
  A fire vortex (Depths:4)
  5 starspawn tentacles
2585 creatures vanquished.

Vanquished Creatures (collateral kills)
  A deep elf high priest (Vaults:5)
1 creature vanquished.

Vanquished Creatures (others)
  A nagaraja (Snake:2)
  A fire giant (Depths:5)
  A draconian stormcaller (Zot:1)
  Nessos (D:14)
  A stone giant (Vaults:5)
  2 yaktaur captains
  A shadow wraith (Vaults:4)
  A deep elf archer (Vaults:3)
  A necromancer (Depths:2)
  An ironbrand convoker (Vaults:1)
  2 cyclopes
  5 yaktaurs
  2 slime creatures (Swamp:4)
  2 swamp worms (Swamp:4)
  3 centaurs
  An ogre (Vaults:1)
  5 orcs
  9 fungi
  A lurking horror (Abyss:5)
  21 plants
  10 starspawn tentacles
72 creatures vanquished.

Grand Total: 2658 creatures vanquished

Notes
Turn   | Place    | Note
-------+----------+-------------------------------------------
     0 | D:1      | Mort the Ghoul Gladiator began the quest for the Orb.
     0 | D:1      | Reached XP level 1. HP: 17/17 MP: 0/0
    58 | D:1      | Reached XP level 2. HP: 20/25 MP: 1/1
   331 | D:1      | Reached skill level 4 in Unarmed Combat
   452 | D:1      | Reached XP level 3. HP: 28/30 MP: 2/2
   883 | D:2      | Found a shattered altar of Ashenzari.
   998 | D:2      | Reached XP level 4. HP: 31/38 MP: 3/3
  1064 | D:2      | Found a bloodstained altar of Trog.
  1261 | D:2      | Reached skill level 5 in Unarmed Combat
  1611 | D:3      | Reached XP level 5. HP: 36/44 MP: 4/4
  1655 | D:3      | Found a stormy altar of Qazlal.
  2029 | D:3      | Found a hide-covered altar of Uskayaw.
  2446 | D:4      | Reached skill level 1 in Shields
  2446 | D:4      | Reached skill level 6 in Unarmed Combat
  2446 | D:4      | Reached XP level 6. HP: 36/47 MP: 5/5
  2863 | D:4      | Found a glowing golden altar of the Shining One.
  3184 | D:5      | Entered Level 5 of the Dungeon
  3464 | D:5      | Found a burning altar of Makhleb.
  3468 | D:5      | Found an opulent altar of Gozag.
  3468 | D:5      | Found a sacrificial altar of Ru.
  3469 | D:5      | Found a blossoming altar of Fedhas.
  3634 | D:3      | Became a worshipper of Qazlal Stormbringer
  3795 | D:5      | Reached XP level 7. HP: 50/60 MP: 6/6
  3831 | D:5      | Reached skill level 7 in Unarmed Combat
  4495 | D:5      | Reached skill level 5 in Fighting
  4858 | D:5      | Reached XP level 8. HP: 41/67 MP: 7/7
  4983 | D:5      | Found a shimmering blue altar of Sif Muna.
  5000 | D:5      | Reached skill level 8 in Unarmed Combat
  6042 | D:6      | Found Hoawuc's Antique Weapon Emporium.
  6246 | D:6      | Reached skill level 9 in Unarmed Combat
  6474 | D:6      | Reached * piety under Qazlal
  6724 | D:6      | Reached XP level 9. HP: 73/78 MP: 8/8
  6989 | D:6      | Found an ancient bone altar of Kikubaaqudgha.
  7723 | D:7      | Reached skill level 10 in Unarmed Combat
  7789 | D:7      | Found a staircase to the Ecumenical Temple.
  7889 | D:7      | Reached skill level 5 in Shields
  7971 | D:7      | Reached ** piety under Qazlal
  8316 | D:7      | Found a shimmering altar of Xom.
  8663 | D:7      | Reached XP level 10. HP: 85/89 MP: 9/9
  8827 | D:8      | Reached *** piety under Qazlal
  8926 | D:8      | Found a radiant altar of Vehumet.
  9495 | D:9      | Found a burning altar of Makhleb.
  9524 | D:9      | Noticed Erolcha
  9545 | D:9      | Killed Erolcha
  9545 | D:9      | Reached skill level 10 in Fighting
  9798 | D:9      | Found a glowing silver altar of Zin.
  9997 | D:9      | Noticed Pikel
 10050 | D:9      | Killed Pikel
 10285 | D:9      | Reached XP level 11. HP: 102/102 MP: 10/10
 10286 | D:9      | Noticed a two-headed ogre
 10296 | D:9      | Killed a two-headed ogre
 10296 | D:9      | Reached **** piety under Qazlal
 10580 | D:10     | Entered Level 10 of the Dungeon
 10743 | D:10     | Noticed a tengu warrior
 10750 | D:10     | Noticed a tengu warrior
 10760 | D:10     | Killed a tengu warrior
 10784 | D:10     | Killed a tengu warrior
 11077 | D:10     | Noticed Grum
 11083 | D:10     | Killed Grum
 11283 | D:10     | Reached skill level 10 in Shields
 11747 | D:10     | Found Amnurybi's Antique Armour Emporium.
 11755 | D:10     | Bought a spiked helmet for 332 gold pieces
 11755 | D:10     | Identified the +4 helmet of Articulation {*Contam MP+9
                  | Str+4 Int+6} (You bought it in a shop on level 10 of the
                  | Dungeon)
 11907 | D:10     | Found a staircase to the Lair.
 12331 | D:11     | Noticed a cyclops
 12339 | D:11     | Killed a cyclops
 12397 | D:11     | Reached ***** piety under Qazlal
 12803 | D:11     | Found an opulent altar of Gozag.
 12816 | D:11     | Reached XP level 12. HP: 96/115 MP: 11/11
 13216 | Lair:1   | Entered Level 1 of the Lair of Beasts
 13266 | Lair:1   | Noticed a six-headed hydra
 13277 | Lair:1   | Killed a six-headed hydra
 13596 | Lair:1   | Found a frozen archway.
 13602 | Lair:1   | Noticed Nergalle
 13617 | Lair:1   | Killed Nergalle
 13625 | IceCv    | Entered an ice cave
 14696 | IceCv    | Identified the +3 rapier "Cenug" {drain, Stlth+}
 14710 | IceCv    | Got a spiked ring mail
 14879 | Lair:1   | Identified the cursed +0 ring mail of the Clam {rElec rPois
                  | Dex+7 Stlth-} (You found it in an ice cave)
 15981 | Lair:2   | Noticed a seven-headed hydra
 15990 | Lair:1   | Killed a seven-headed hydra
 16009 | Lair:2   | Reached ****** piety under Qazlal
 16178 | Lair:2   | Reached XP level 13. HP: 125/125 MP: 12/12
 16245 | Lair:2   | Reached skill level 15 in Fighting
 16566 | Lair:2   | Noticed Gastronok
 16603 | Lair:2   | Killed Gastronok
 16779 | Lair:2   | Found a staircase to the Snake Pit.
 17004 | Lair:2   | Found a staircase to the Swamp.
 19362 | Lair:4   | Reached skill level 15 in Shields
 19362 | Lair:4   | Reached XP level 14. HP: 43/134 MP: 13/13
 19871 | Lair:4   | Reached skill level 1 in Armour
 20461 | Lair:5   | Reached skill level 11 in Unarmed Combat
 21508 | Lair:6   | Entered Level 6 of the Lair of Beasts
 21990 | Lair:5   | Reached skill level 5 in Armour
 22045 | Lair:6   | Reached skill level 12 in Unarmed Combat
 22083 | Lair:6   | Noticed a dire elephant
 22253 | Lair:5   | Killed a dire elephant
 22780 | Lair:6   | Found a staircase to the Slime Pits.
 23068 | Lair:5   | Reached XP level 15. HP: 78/141 MP: 14/14
 23265 | Lair:5   | Reached skill level 13 in Unarmed Combat
 23385 | Lair:6   | Found a burning altar of Makhleb.
 23454 | Lair:6   | Found a gateway to Hell.
 23662 | Lair:6   | Found a blossoming altar of Fedhas.
 24485 | D:12     | Found a staircase to the Orcish Mines.
 25211 | D:13     | Found a gate to the Vaults.
 25263 | D:13     | Paralysed by a wizard for 5 turns
 25845 | D:14     | Identified 3 scrolls of acquirement
 26137 | D:14     | Reached skill level 14 in Unarmed Combat
 26302 | D:14     | Noticed Nessos
 26312 | D:14     | Killed Nessos
 26745 | D:15     | Entered Level 15 of the Dungeon
 27579 | D:15     | Reached skill level 15 in Unarmed Combat
 27588 | D:15     | Noticed MirrMurr's ghost (journeyman DsFi)
 27590 | D:15     | Found a runed translucent door.
 27786 | D:15     | Found a staircase to the Depths.
 28066 | D:15     | Killed MirrMurr's ghost
 28066 | D:15     | Reached skill level 10 in Armour
 28066 | D:15     | Reached XP level 16. HP: 135/149 MP: 15/15
 28139 | Orc:1    | Entered Level 1 of the Orcish Mines
 28162 | Orc:1    | Noticed Maurice
 28257 | Orc:1    | Reached skill level 1 in Invocations
 28605 | Orc:1    | Killed Maurice
 29018 | Orc:2    | Entered Level 2 of the Orcish Mines
 29018 | Orc:2    | Found Onyafru's Weapon Shoppe.
 29369 | Orc:1    | Paralysed by an orc sorcerer for 5 turns
 29596 | Orc:2    | Cast into level 1 of the Abyss (orc warrior)
 29705 | Abyss:1  | Reached skill level 5 in Invocations
 29844 | Abyss:1  | Noticed a tentacled starspawn
 29853 | Abyss:1  | Killed a tentacled starspawn
 29872 | Abyss:1  | Reached skill level 16 in Unarmed Combat
 29881 | Abyss:1  | Found a corrupted altar of Lugonu.
 29941 | Abyss:1  | Found a corrupted altar of Lugonu.
 29966 | Abyss:1  | HP: 7/149 [something (13)]
 30158 | Abyss:1  | Noticed a tentacled starspawn
 30163 | Abyss:1  | Killed a tentacled starspawn
 30167 | Orc:2    | Escaped the Abyss
 30225 | Orc:2    | Found Othome's Antique Armour Shop.
 30754 | Orc:2    | Found Mahyigh's General Store.
 30852 | Orc:2    | Found Hyisotis's Antique Weapon Boutique.
 30931 | Orc:2    | Found Hoysovea's Book Shoppe.
 30953 | Orc:2    | Found a staircase to the Elven Halls.
 31394 | Swamp:1  | Entered Level 1 of the Swamp
 31693 | Swamp:1  | Found a runed translucent gate.
 31693 | Swamp:1  | Found a runed translucent gate.
 31693 | Swamp:1  | Found a runed translucent gate.
 31694 | Swamp:1  | Noticed Diluadd's ghost (adept CeBe)
 31731 | Swamp:1  | Killed Diluadd's ghost
 32681 | Swamp:2  | Reached XP level 17. HP: 154/154 MP: 22/22
 32773 | Swamp:2  | Reached skill level 17 in Unarmed Combat
 33677 | Swamp:2  | Reached skill level 10 in Invocations
 34205 | Swamp:3  | Identified the +11 shortbow "Koulan" {venom, rPois Str+8
                  | SInv Stlth-}
 34335 | Swamp:3  | Reached skill level 18 in Unarmed Combat
 34686 | Swamp:4  | Entered Level 4 of the Swamp
 36587 | Swamp:4  | Got a decaying rune of Zot
 37071 | Snake:1  | Entered Level 1 of the Snake Pit
 37788 | Snake:2  | Reached XP level 18. HP: 113/169 MP: 24/24
 39214 | Snake:3  | Found Zumudo's Gadget Shoppe.
 39214 | Snake:3  | Found Zudoyj's Jewellery Shop.
 39215 | Snake:3  | Found Netsycs's Gadget Shoppe.
 39223 | Snake:3  | Bought an uncursed ring of protection from magic for 425
                  | gold pieces
 39223 | Snake:3  | Bought a cursed ring of attention for 76 gold pieces
 40044 | Snake:4  | Entered Level 4 of the Snake Pit
 41609 | Snake:4  | Reached skill level 19 in Unarmed Combat
 42016 | Snake:4  | Reached XP level 19. HP: 165/179 MP: 25/25
 43617 | Snake:4  | Got a serpentine rune of Zot
 43973 | Vaults:1 | Entered Level 1 of the Vaults
 44393 | Vaults:1 | Reached skill level 20 in Unarmed Combat
 45570 | Vaults:1 | You fall into a shaft and drop 1 floor!
 45637 | Vaults:2 | Reached XP level 20. HP: 165/187 MP: 26/26
 46438 | Vaults:2 | Reached skill level 21 in Unarmed Combat
 46948 | Vaults:2 | Found a staircase to the Crypt.
 46948 | Vaults:2 | Found a basalt altar of Yredelemnul.
 46962 | Vaults:2 | Found an ancient bone altar of Kikubaaqudgha.
 49181 | Vaults:3 | Noticed a lich
 49187 | Vaults:3 | Paralysed by a lich for 2 turns
 49190 | Vaults:3 | Killed a lich
 49287 | Vaults:3 | Reached XP level 21. HP: 193/194 MP: 27/27
 50964 | Vaults:4 | HP: 9/194 [frost giant/bolt of cold (29)]
 50971 | Vaults:4 | HP: 9/194 [frost giant/bolt of cold (13)]
 51972 | Vaults:4 | Identified the +3 chain mail of the Gastropod {rCorr Int+4}
                  | (You found it on level 4 of the Vaults)
 51979 | Vaults:4 | Got a scorched helmet
 51980 | Vaults:4 | Identified the +3 helmet of Devotion {*Drain rF+ Dex+8
                  | Slay+2} (You acquired it on level 4 of the Vaults)
 52303 | Elf:1    | Entered Level 1 of the Elven Halls
 52545 | Elf:1    | Found Dicism's Jewellery Boutique.
 52706 | Elf:1    | Reached skill level 22 in Unarmed Combat
 52903 | Elf:1    | Found Togonuna's Assorted Antiques.
 52921 | Elf:1    | Bought a scroll of teleportation for 105 gold pieces
 52921 | Elf:1    | Bought a scroll of teleportation for 105 gold pieces
 52921 | Elf:1    | Bought a runed ivory ring for 175 gold pieces
 52921 | Elf:1    | Bought a slimy brass amulet for 175 gold pieces
 52921 | Elf:1    | Identified the amulet of Seocwe Vymae {+Rage +Fly MR+ SInv}
                  | (You bought it in a shop on level 1 of the Elven Halls)
 52938 | Elf:1    | Found Yqimoala's Armour Shoppe.
 52946 | Elf:1    | Bought a +1 cloak of magic resistance for 247 gold pieces
 52984 | Elf:1    | Found Matajune's Book Shop.
 52985 | Elf:1    | Found Ynuonyn's Armour Shop.
 53547 | Elf:2    | Found a runed translucent door.
 53547 | Elf:2    | Noticed Niezos's ghost (journeyman HOFi)
 53592 | Elf:2    | Killed Niezos's ghost
 53602 | Elf:2    | Identified the +6 falchion of Experimentation {drain, *Slow
                  | rN++} (You found it on level 2 of the Elven Halls)
 53700 | Elf:2    | Found a runed translucent gate.
 53700 | Elf:2    | Found a runed translucent gate.
 53700 | Elf:2    | Found a runed translucent gate.
 54246 | Elf:2    | Cast into level 3 of the Abyss (+3 bardiche of distortion)
 54252 | Abyss:3  | Found a corrupted altar of Lugonu.
 54464 | Abyss:4  | Reached XP level 22. HP: 157/200 MP: 28/28
 54476 | Abyss:5  | Entered Level 5 of the Abyss
 54655 | Elf:2    | Escaped the Abyss
 55188 | Elf:3    | Entered Level 3 of the Elven Halls
 55191 | Elf:3    | Noticed Louise
 55248 | Elf:3    | Killed Louise
 55614 | Elf:3    | Found Saxiurun's Antique Armour Boutique.
 55614 | Elf:3    | Found an ancient bone altar of Kikubaaqudgha.
 55795 | Elf:3    | Reached skill level 23 in Unarmed Combat
 56605 | Elf:3    | Identified the cursed +2 trident of Income {pierce, Int+3}
 57066 | Elf:3    | Identified the +2 long sword of Compassion {slice, Str+4}
 57275 | Elf:3    | Identified the Handbook of Ghastly Beguiling
 57280 | Elf:3    | Identified the Incunabulum of Flamy Conjuration
 57401 | Elf:3    | Identified Sif Muna's Volume of Summoning
 57927 | Depths:1 | Entered Level 1 of the Depths
 57990 | Depths:1 | Noticed Mara
 58001 | Depths:1 | Noticed Mort's illusion
 58015 | Depths:1 | Killed Mara
 58395 | Depths:1 | Reached XP level 23. HP: 180/209 MP: 29/29
 58402 | Depths:1 | Noticed a caustic shrike
 58404 | Depths:1 | Identified the +2 cloak of the Monkey's Uncle {rF++ Int+5
                  | Dex-2} (You found it on level 1 of the Depths)
 58414 | Depths:1 | Killed a caustic shrike
 58542 | Depths:1 | Reached skill level 24 in Unarmed Combat
 58559 | Depths:1 | Identified the ring "Guginant" {Fire MR+}
 58579 | Depths:1 | Identified the amulet "Nelid" {Inacc rElec rPois rN+
                  | Stlth+} (You found it on level 1 of the Depths)
 58684 | Depths:1 | Noticed the Enchantress
 58703 | Depths:1 | Killed the Enchantress
 59500 | Depths:1 | Identified the +2 robe "Amosumnioda" {rN+ Stlth+}
 59590 | Depths:1 | Noticed a caustic shrike
 59598 | Depths:1 | Killed a caustic shrike
 59839 | Depths:1 | Identified the ring of the Firefly {rElec AC+4 Dex+4} (You
                  | found it on level 1 of the Depths)
 60038 | Depths:1 | Got a clouded iron ring
 60039 | Depths:1 | Identified the ring of Nunu {Wiz Int+4} (You found it on
                  | level 1 of the Depths)
 60191 | Depths:1 | Found a one-way gate leading to the halls of Pandemonium.
 61481 | Depths:2 | Reached XP level 24. HP: 130/215 MP: 29/29
 61506 | Depths:2 | Reached skill level 25 in Unarmed Combat
 61803 | Depths:2 | Found the +2 ratskin cloak {+Rats rPois rN+ Str-1 Int-1
                  | Dex+1}
 61875 | Depths:2 | Identified Giallumm's Collected Works on Damaging
                  | Contamination
 63106 | Depths:3 | Identified the +7 war axe of Success {antimagic, rElec
                  | Stlth+}
 63106 | Depths:3 | Noticed Jory
 63134 | Depths:3 | Killed Jory
 63142 | Depths:3 | Found a basalt altar of Yredelemnul.
 63411 | Depths:4 | Found a one-way gate to the infinite horrors of the Abyss.
 63456 | Depths:4 | Paralysed by a floating eye for 4 turns
 63763 | Depths:4 | Noticed a caustic shrike
 63764 | Depths:4 | Noticed a caustic shrike
 63766 | Depths:4 | Noticed a caustic shrike
 63770 | Depths:4 | Noticed a caustic shrike
 64461 | Depths:3 | Killed a caustic shrike
 64479 | Depths:3 | Killed a caustic shrike
 64769 | Depths:4 | Found a gateway to a ziggurat.
 64794 | Depths:4 | Identified the ring of Youthful Indiscretion {rC++ rCorr}
 64956 | Depths:4 | Identified the amulet "Zaen" {Spirit rPois} (You found it
                  | on level 4 of the Depths)
 65408 | Depths:5 | Entered Level 5 of the Depths
 65527 | Depths:5 | Reached XP level 25. HP: 224/224 MP: 31/31
 65890 | Depths:5 | Paralysed by a floating eye for 4 turns
 66448 | Depths:5 | Identified the +6 chain mail of Pathos {rF+ rN+ rCorr
                  | Str+6} (You found it on level 5 of the Depths)
 66485 | Depths:5 | Found a gate to the Realm of Zot.
 66791 | Depths:5 | Found a runed translucent gate.
 66792 | Depths:5 | Found a runed translucent gate.
 66792 | Depths:5 | Found a runed translucent gate.
 66794 | Depths:5 | Noticed Vuokuqos's ghost (veteran DsFi)
 66835 | Depths:5 | Killed Vuokuqos's ghost
 67250 | Vaults:5 | Entered Level 5 of the Vaults
 67294 | Vaults:4 | Reached skill level 15 in Invocations
 67307 | Vaults:5 | Identified the cursed +1 great sword of the Ghost {elec,
                  | Str+6 Dex-4 SInv}
 67320 | Vaults:5 | Reached XP level 26. HP: 154/231 MP: 11/33
 68152 | Vaults:5 | Got a silver rune of Zot
 69231 | Slime:1  | Entered Level 1 of the Pits of Slime
 70385 | Slime:5  | Entered Level 5 of the Pits of Slime
 70404 | Slime:5  | Reached XP level 27. HP: 181/235 MP: 35/35
 70483 | Slime:5  | Noticed the Royal Jelly
 70483 | Slime:5  | Noticed Dissolution
 70485 | Slime:5  | Killed the Royal Jelly
 70488 | Slime:5  | Paralysed by the power of Zot for 2 turns
 70491 | Slime:5  | Killed Dissolution
 71401 | Slime:5  | Got a slimy rune of Zot
 71841 | Zot:1    | Entered Level 1 of the Realm of Zot
 72566 | Zot:1    | Found the +5 robe of Misfortune {*Contam Harm *Corrode
                  | *Drain *Slow EV+5}
 72758 | Zot:1    | Found a runed translucent door.
 72758 | Zot:1    | Found a shimmering altar of Xom.
 72759 | Zot:1    | Noticed Bouryr's ghost (master MiFi)
 73233 | Zot:1    | Killed Bouryr's ghost
 73775 | Zot:2    | Got a wavering ruby amulet
 74636 | Zot:2    | Reached skill level 26 in Unarmed Combat
 74968 | Zot:2    | Identified the amulet "Viwoinge" {RegenMP rN+ Int+2} (You
                  | found it on level 2 of the Realm of Zot)
 75287 | Zot:3    | Found a runed translucent door.
 75290 | Zot:3    | Noticed Kejih's ghost (legendary NaHu)
 75324 | Zot:3    | Killed Kejih's ghost
 76183 | Zot:4    | Noticed an orb of fire
 76186 | Zot:4    | Reached skill level 27 in Unarmed Combat
 76202 | Zot:4    | Killed an orb of fire
 76445 | Zot:4    | Reached skill level 5 in Dodging
 76821 | Zot:5    | Entered Level 5 of the Realm of Zot
 76922 | Zot:5    | Noticed an orb of fire
 76936 | Zot:4    | Killed an orb of fire
 76950 | Zot:5    | Noticed an orb of fire
 76952 | Zot:5    | Noticed an orb of fire
 76970 | Zot:4    | Killed an orb of fire
 77124 | Zot:5    | Noticed an orb of fire
 77125 | Zot:5    | Killed an orb of fire
 77131 | Zot:5    | Killed an orb of fire
 77149 | Zot:5    | Noticed an ancient lich
 77156 | Zot:5    | Killed an ancient lich
 77170 | Zot:5    | Noticed an ancient lich
 77170 | Zot:5    | Noticed an ancient lich
 77170 | Zot:5    | Noticed an ancient lich
 77171 | Zot:5    | Noticed an ancient lich
 77222 | Zot:4    | Killed an ancient lich
 77349 | Zot:4    | Killed an ancient lich
 77445 | Zot:4    | Killed an ancient lich
 77489 | Zot:5    | Killed an ancient lich
 78897 | Zot:5    | Got the Orb of Zot
 79451 | D:$      | Escaped with the Orb!

Levels and vault maps discovered:
D:1:      zelgadis_glass_arrival_small, layout_loops_ring
D:2:      layout_basic, overflow_temple_1_default, ashenzari_altar_1
D:3:      layout_basic, nicolae_overflow_crystal_walls, marbit_many_paths
D:4:      layout_cave_pods, overflow_temple_1_default, first_ration,
          chequers_garden, minmay_door_square
D:5:      layout_basic, led_sif_book, grunt_temple_overflow_open, sword_in_stone
D:6:      layout_cave_pods, lemuel_doored_altar, serial_shops,
          nicolae_shop_overgrown_old_shop
D:7:      layout_loops_cross, minmay_temple_entry_gardened_gates, basic_altar
D:8:      layout_loops_ring, lemuel_round_altar
D:9:      layout_roguey, lemuel_crystal_altar, basic_altar, grunt_pizzeria,
          uniq_pikel, uniq_erolcha
D:10:     layout_basic, lair_entry_dummy, serial_shops, shop, uniq_grum
D:11:     layout_loops_ring, grunt_gozag_statues
D:12:     layout_loops_ring, minmay_orc_entry_guard_dogs
D:13:     layout_roguey, david_vaults_1, hangedman_decor_lopped,
          lightli_wizard_tower
D:14:     layout_basic, minmay_strange_pillars,
          hangedman_abyss_or_decor_lesser_grid, nrook_uturn, uniq_nessos
D:15:     hangedman_depths_entry_try_elsewhere_first, layout_loops_ring,
          hangedman_decor_growths, hellmonk_ghost_happy_afterlife,
          minmay_misc_feat_plants
Lair:1:   lemuel_ratsnest, layout_loops_ring, portal_ice_cave_entry_pillars_1,
          st_stairs_10, nzn_random_ring, serial_bayou_shore_b,
          lemuel_fruit_tree, grunt_megastairs_5, uniq_nergalle
Lair:2:   beast_lair_carwin_large_1, layout_misc_corridors,
          nicolae_swamp_entry_splash_gauntlet, guppyfry_snake_entry_island,
          uniq_gastronok
Lair:3:   layout_gridlike
Lair:4:   layout_cave_pods
Lair:5:   layout_regular_city
Lair:6:   evil_forest, layout_regular_city, slime_dummy, basic_altar,
          lemuel_fruit_fields
Swamp:1:  layout_falls_marsh, ebering_ghost_rock_garden,
          evilmike_swamp_ruin_rubble_1
Swamp:2:  layout_falls_marsh, serial_swamp_ruin, evilmike_swamp_ruin_rubble_2,
          hangedman_swamp_ruin_wall, evilmike_swamp_ruin_house_5
Swamp:3:  cheibrodos_swamp_heart_of_darkness, layout_basic_swamp,
          evilmike_swamp_ruin_house_6, swamp_pool1, infiniplex_staircase_pool_2
Swamp:4:  swamp_icy, layout_basic_swamp
Snake:1:  layout_misc_corridors, serial_bayou_ford_a
Snake:2:  layout_layer_cave
Snake:3:  layout_misc_corridors, minmay_shop_grove
Snake:4:  snake_pit_salamanders_mu, layout_cave_town
Slime:1:  layout_caves
Slime:2:  layout_caves
Slime:3:  layout_caves
Slime:4:  layout_caves
Slime:5:  uniq_dissolution
Orc:1:    layout_diamond_mine, mines_bat_river, uniq_maurice
Orc:2:    grunt_orc_gardens, layout_caves, grunt_orc_garden, grunt_orc_garden,
          grunt_orc_garden, grunt_orc_garden, serial_shops, shop
Elf:1:    minmay_elf_arrival_plus, layout_onion_city, serial_shops,
          nicolae_shop_stone, nicolae_shop_waterfront, shop,
          nicolae_shop_waterfront, nicolae_shop_trees
Elf:2:    layout_geoelf_octagon, gammafunk_ghost_grave
Elf:3:    minmay_elf_hall_not_hex, layout_loops_cross, serial_shops,
          nicolae_shop_waterfront, basic_altar, special_room
          [special_room_mythical_zoo], uniq_louise
Vaults:1: nicolae_vaults_ring_of_whatevers, v_misc_30, v_misc_12,
          hangedman_vaults_stream, grunt_vaults_bifocal, v_alt_pattern_2,
          nicolae_vaults_angled_halls, vaults_room_pools,
          vaults_room_guarded_vault, vaults_room_semicircle,
          dpeg_vaults_monster_box, layout_vaults_chaotic_city
Vaults:2: minmay_crypt_entry_necro_gods, vaults_room_grid, v_misc_23,
          hangedman_vaults_stitches, vaults_room_stairs_pillars,
          v_alt_pattern_3, nicolae_vaults_network_quincunx
          [nicolae_vaults_network_quincunx_subvault,
          nicolae_vaults_network_quincunx_subvault,
          nicolae_vaults_network_quincunx_subvault,
          nicolae_vaults_network_quincunx_subvault,
          nicolae_vaults_network_quincunx_subvault], nicolae_vaults_little_ls,
          vaults_room_boxed, vaults_room_pool, ontoclasm_vaults_hangar,
          nicolae_vaults_shelves_hall, layout_vaults_omnibox
Vaults:3: nicolae_vaults_ring_of_whatevers, v_misc_28, hangedman_vaults_maws,
          hangedman_vaults_river_flow, nicolae_vaults_angled_halls,
          nicolae_vaults_shelves_hall, v_misc_3, v_misc_25,
          layout_vaults_omnicross
Vaults:4: vaults_room_fancy_cross, hangedman_vaults_pinch,
          ontoclasm_vaults_gateway, nicolae_vaults_diagonal_hallway_8,
          ontoclasm_vaults_ring_square, nicolae_vaults_windows_and_doors_thing,
          v_misc_14, hangedman_vaults_corner_blocks, st_octagons_2, v_misc_3,
          ontoclasm_vaults_shuriken, dpeg_vaults_monster_row,
          nicolae_vaults_hallways_thing, vaults_room_door_hall,
          vaults_room_hallway, layout_vaults_maze,
          lightli_enter_wizlab_magi_temple
Vaults:5: serial_shops
Depths:1: minmay_the_grid_octo_tiled_squarecenter [minmay_the_grid_octo_toaster,
          minmay_the_grid_octo_horde, minmay_the_grid_octo_odd_swirl,
          minmay_the_grid_octo_77, minmay_the_grid_square_5x5_megaprize_diamond,
          minmay_the_grid_square_5x5_two,
          minmay_the_grid_square_5x5_pentomino_r,
          minmay_the_grid_square_5x5_six,
          minmay_the_grid_square_5x5_three_walls], layout_cave_pools,
          pf_hell_entry_tar_spiral, grunt_pan_entry_sceptre,
          hangedman_abyss_or_decor_passed, minivault_16, minmay_multi_spiral,
          uniq_mara, uniq_enchantress
Depths:2: minmay_skeleton_keep, layout_gridville, serial_bayou_pond_e,
          pf_hell_entry_great_geh, minmay_three_doors
Depths:3: lemuel_vampire_tower, layout_cave_pools, hell_entry,
          grunt_pan_entry_in_and_out, chequers_serial_rivers_micro_b,
          kennysheep_decorative_pillar, infiniplex_staircase_star
Depths:4: kennysheep_cluttered_fort, layout_basic, enter_ziggurat_f,
          minmay_room_of_horrors, kennysheep_cross_room, hell_entry,
          serial_bayou_shore_b
Depths:5: grunt_zot_entry_gee_three, layout_basic, pan_entry, lightli_too_deep,
          minmay_stone_trees_small, ebering_ghost_rock_garden
Zot:1:    layout_concentric_octagons, ebering_ghost_xom
Zot:2:    kennysheep_ambush_hall, layout_onion
Zot:3:    layout_misc_corridors, gammafunk_ghost_grave, bh_zot_levy_curve,
          hangedman_zot_diagonal_lockstep
Zot:4:    kennysheep_bubbly, layout_misc_corridors, zot_minivault_5
Zot:5:    layout_cathedral_of_symmetry

Skill      XL: |  1  2  3  4  5  6  7  8  9 10 11 12 13 14 15 16 17 18 19 20 21 22 23 24 25 26 27 |
---------------+----------------------------------------------------------------------------------+-----
Unarmed Combat | 4 5 6 7 9 10 12 15 16 18 19 20 21 22 23 24 25 27 | 27.0
Fighting       | 3 4 5 6 8 11 13 14 15 17 18 19 26 | 26.6
Shields        | 1 2 4 6 8 10 12 15 16 17 19 20 21 22 23 24 25 | 25.0
Armour         | 6 10 | 10.0
Invocations    | 8 10 12 15 18 20 | 20.0
Dodging        | 5 |  5.4
Throwing       | |  1.7

Action                   |  1- 3 |  4- 6 |  7- 9 | 10-12 | 13-15 | 16-18 | 19-21 | 22-24 | 25-27 || total
-------------------------+-------+-------+-------+-------+-------+-------+-------+-------+-------++-------
Melee: Unarmed           |   108 |   227 |   486 |   837 |  1384 |  1893 |  1750 |  2040 |  2441 || 11166
       Punch             |     2 |     3 |     9 |       |       |       |       |       |       ||    14
Throw: Throwing net      |       |     2 |     1 |       |       |       |       |       |       ||     3
       Dart              |       |       |    22 |       |       |       |       |       |       ||    22
       Javelin           |       |       |    11 |       |       |       |       |       |       ||    11
Invok: Disaster Area     |       |       |       |       |       |     1 |     1 |     6 |     7 ||    15
       Upheaval          |       |       |       |       |       |     1 |     4 |     5 |     2 ||    12
       Elemental Force   |       |       |       |       |       |       |       |       |     1 ||     1
 Abil: Stop Flying       |       |       |       |       |       |       |       |       |     1 ||     1
Evoke: Wand              |       |       |       |       |     1 |    10 |       |     1 |       ||    12
       Fan of gales      |       |       |       |       |       |       |     1 |       |       ||     1
  Use: Scroll            |       |       |    14 |     4 |    12 |    11 |    15 |    20 |    26 ||   102
       Potion            |       |       |       |       |     1 |     4 |     8 |     3 |    12 ||    28
 Stab: Held in net/web   |       |     1 |     2 |       |       |       |       |       |       ||     3
       Invisible         |       |       |       |       |       |       |       |       |     3 ||     3
       Confused          |       |       |       |       |       |       |       |       |     1 ||     1
  Eat: Chunk             |     3 |    13 |    12 |    28 |    37 |    52 |    41 |    56 |    92 ||   334
       Ration            |       |       |       |     1 |       |     2 |     2 |     2 |     4 ||    11
Armor: Leather armour    |     4 |       |       |       |       |       |       |       |       ||     4
       Ring mail         |    35 |    85 |    37 |       |       |       |       |       |       ||   157
       Plate armour      |       |       |   146 |   216 |   208 |       |       |       |       ||   570
       Crystal plate arm |       |       |       |       |   148 |   761 |   397 |   617 |   688 ||  2611
Dodge: Dodged            |    57 |   126 |   126 |    96 |   123 |   191 |   104 |   175 |   195 ||  1193
       Deflected         |       |       |       |     2 |     3 |    22 |    16 |    17 |    21 ||    81
Block: Other             |       |       |     3 |       |       |       |       |       |       ||     3
       Buckler           |       |       |    80 |   366 |       |       |       |       |       ||   446
       Reflection        |       |       |     2 |    17 |    34 |   185 |    93 |       |       ||   331
       Shield            |       |       |       |   247 |  1505 |  2325 |  1407 |  1702 |   245 ||  7431
       Large shield      |       |       |       |       |       |       |       |       |  2089 ||  2089

Table legend:
 A = Non-vault XP
 B = Vault XP
 C = Vault XP percentage of total XP
 D = Non-vault monster count
 E = Vault monster count
 F = Vault count percentage of total count
                 A         B        C        D         E       F
            +---------+---------+-------+---------+---------+-------
      Total |  907079 |  874438 |  49.1 |    1698 |     874 |  34.0
            +---------+---------+-------+---------+---------+-------
        D:1 |      48 |       0 |   0.0 |      25 |       0 |   0.0
        D:2 |      85 |       0 |   0.0 |      28 |       0 |   0.0
        D:3 |      70 |       0 |   0.0 |      12 |       0 |   0.0
        D:4 |     237 |       0 |   0.0 |      14 |       0 |   0.0
        D:5 |     446 |     631 |  58.6 |      20 |       7 |  25.9
        D:6 |    1258 |       0 |   0.0 |      30 |       0 |   0.0
        D:7 |    1977 |       0 |   0.0 |      40 |       0 |   0.0
        D:8 |     923 |       0 |   0.0 |      22 |       0 |   0.0
        D:9 |    2718 |    1969 |  42.0 |      32 |       3 |   8.6
       D:10 |    4983 |     558 |  10.1 |      36 |       4 |  10.0
       D:11 |    3408 |       0 |   0.0 |      31 |       0 |   0.0
       D:12 |    3825 |     501 |  11.6 |      43 |       3 |   6.5
       D:13 |    4432 |    3801 |  46.2 |      30 |       7 |  18.9
       D:14 |    6099 |    1178 |  16.2 |      19 |       1 |   5.0
       D:15 |   16190 |    4737 |  22.6 |      35 |       5 |  12.5
     Lair:1 |    4322 |    2096 |  32.7 |      15 |      41 |  73.2
     Lair:2 |    6815 |    4806 |  41.4 |      34 |      15 |  30.6
     Lair:3 |    5889 |       0 |   0.0 |      23 |       0 |   0.0
     Lair:4 |   14914 |       0 |   0.0 |      44 |       0 |   0.0
     Lair:5 |   10086 |    2619 |  20.6 |      31 |       4 |  11.4
     Lair:6 |    8141 |    7382 |  47.6 |      28 |      22 |  44.0
    Swamp:1 |   10852 |    2168 |  16.7 |      27 |       1 |   3.6
    Swamp:2 |   17074 |       0 |   0.0 |      51 |       0 |   0.0
    Swamp:3 |   12363 |    4705 |  27.6 |      30 |       8 |  21.1
    Swamp:4 |    4040 |    7742 |  65.7 |      15 |      28 |  65.1
    Snake:1 |   12452 |       0 |   0.0 |      32 |       0 |   0.0
    Snake:2 |   21070 |       0 |   0.0 |      37 |       0 |   0.0
    Snake:3 |   21796 |       0 |   0.0 |      40 |       0 |   0.0
    Snake:4 |   14657 |   53952 |  78.6 |      27 |      73 |  73.0
    Slime:1 |    8041 |       0 |   0.0 |      10 |       0 |   0.0
    Slime:2 |   25469 |       0 |   0.0 |      29 |       0 |   0.0
    Slime:3 |    4546 |       0 |   0.0 |      16 |       0 |   0.0
    Slime:4 |   12323 |       0 |   0.0 |       7 |       0 |   0.0
    Slime:5 |   19963 |   45376 |  69.4 |      28 |      13 |  31.7
      Orc:1 |    7382 |    4511 |  37.9 |      54 |      14 |  20.6
      Orc:2 |    2200 |    6925 |  75.9 |      26 |      21 |  44.7
      Elf:1 |   10645 |    2203 |  17.1 |      17 |       4 |  19.0
      Elf:2 |   11450 |   30066 |  72.4 |      18 |      32 |  64.0
      Elf:3 |   10854 |   56251 |  83.8 |      16 |      44 |  73.3
   Vaults:1 |   30432 |   23565 |  43.6 |      56 |      33 |  37.1
   Vaults:2 |   36534 |   18564 |  33.7 |      70 |      23 |  24.7
   Vaults:3 |   25538 |   11151 |  30.4 |      38 |      13 |  25.5
   Vaults:4 |   19426 |   30162 |  60.8 |      30 |      33 |  52.4
   Vaults:5 |   39712 |  123350 |  75.6 |      60 |      93 |  60.8
   Depths:1 |   33266 |   75863 |  69.5 |      44 |      69 |  61.1
   Depths:2 |   19274 |   33919 |  63.8 |      26 |      54 |  67.5
   Depths:3 |   32811 |   33063 |  50.2 |      31 |      61 |  66.3
   Depths:4 |   33168 |   11043 |  25.0 |      36 |      20 |  35.7
   Depths:5 |   66820 |   30554 |  31.4 |      56 |      21 |  27.3
      Zot:1 |   50050 |    8501 |  14.5 |      30 |       2 |   6.2
      Zot:2 |   64258 |   14568 |  18.5 |      37 |       8 |  17.8
      Zot:3 |   35572 |   11207 |  24.0 |      18 |       3 |  14.3
      Zot:4 |   24807 |   78416 |  76.0 |       8 |      25 |  75.8
      Zot:5 |   32531 |  118032 |  78.4 |      18 |      34 |  65.4
    Abyss:1 |   14476 |       0 |   0.0 |      35 |       0 |   0.0
    Abyss:3 |    3669 |    1658 |  31.1 |       8 |       7 |  46.7
    Abyss:4 |    8591 |       0 |   0.0 |      10 |       0 |   0.0
    Abyss:5 |   12101 |    1322 |   9.8 |      15 |       2 |  11.8
      IceCv |       0 |    5323 | 100.0 |       0 |      23 | 100.0
            +---------+---------+-------+---------+---------+-------
